 Dungeon Crawl Stone Soup version 0.16-a0-3761-g2321f2b (console) character file.

535 Monkaria the Chopper (level 7, -1/52 HPs)
             Began as a Demonspawn Fighter on Jan 24, 2015.
             Slain by an orc warrior
             ... wielding a +0 flail
              (13 damage)
             ... on level 4 of the Dungeon.
             The game lasted 00:05:46 (2899 turns).

Monkaria the Chopper (Demonspawn Fighter)           Turns: 2899, Time: 00:05:46

Health: -1/52      AC:  6    Str: 18    XL:     7   Next: 4%
Magic:  7/7        EV:  7    Int: 10    God:
Gold:   236        SH:  9    Dex: 12    Spells: 0 memorised, 6 levels left

rFire  . . .     SeeInvis .     a - +0 war axe
rCold  + . .     Clarity  .     b - +0 scale mail
rNeg   . . .     SustAb   .     c - +0 shield
rPois  .         Gourm    .     (helmet restricted)
rElec  .         Spirit   .     (no cloak)
rCorr  .         Warding  .     (no gloves)
rMut   .         Stasis   .     (no boots)
MR     .....                    (no amulet)
Stlth  ..........               (no ring)
                                (no ring)

@: not resistant to hostile enchantments, extremely unstealthy
A: antennae 1, hooves 1, cold resistance 1, powered by death 2
a: no special abilities


You were on level 4 of the Dungeon.
You were not hungry.

You visited 1 branch of the dungeon, and saw 4 of its levels.

You collected 236 gold pieces.

Inventory:

Hand weapons
 a - a +0 war axe (weapon)
Armour
 b - a +0 scale mail (worn)
 c - a +0 shield (worn)
 o - a +0 helmet
Jewellery
 y - a +2 ring of protection {unknown}
Magical devices
 x - a wand of random effects (17)
Scrolls
 i - 4 scrolls of teleportation {unknown}
 j - 4 scrolls of identify {unknown}
 k - 2 scrolls of magic mapping {unknown}
 m - 3 scrolls of remove curse {unknown}
 q - 2 scrolls of enchant armour {unknown}
 r - a scroll of noise {unknown}
 v - 2 scrolls of amnesia {unknown}
 F - a scroll of blinking {unknown}
 G - a scroll of recharging {unknown}
 H - a scroll of enchant weapon {unknown}
Potions
 e - a potion of might
 f - a potion of lignification {unknown}
 g - 5 potions of curing {unknown}
 h - 2 potions of magic {unknown}
 p - a potion of poison {unknown}
 t - a potion of ambrosia {unknown}
 u - a potion of mutation {unknown}
 w - a potion of agility {unknown}
 z - a potion of brilliance {unknown}
 A - a potion of berserk rage {unknown}
 C - a potion of restore abilities {unknown}
 E - a potion of heal wounds {unknown}
Miscellaneous
 l - a plain deck of changes
Comestibles
 d - 3 bread rations
 n - a slice of pizza
 s - 2 chunks of flesh
 B - 3 fruits
 D - a royal jelly


   Skills:
 - Level 3.0 Fighting
 + Level 6.8 Axes
 - Level 3.0 Armour
 - Level 3.0 Shields


You had 6 spell levels left.
You didn't know any spells.

Dungeon Overview and Level Annotations

Branches:
Dungeon (4/15)
 Temple: D:4-7

Altars:
Kikubaaqudgha
Nemelex Xobeh


Innate Abilities, Weirdness & Mutations

You have a pair of small antennae on your head.
You have large cloven feet.
Your flesh is cold resistant.
You can steal the life force of defeated enemies.


Message History

You kick the orc warrior, but do no damage.
The orc warrior is severely wounded.
You block the orc warrior's attack.
You closely miss the orc warrior.
You kick the orc warrior, but do no damage.
The orc warrior is severely wounded.
The orc warrior closely misses you.
You hit the orc warrior but do no damage.
Your kick misses the orc warrior.
The orc warrior is severely wounded.
The orc warrior hits you with a flail.
You closely miss the orc warrior.
You kick the orc warrior, but do no damage.
The orc warrior is severely wounded.
The orc warrior hits you with a flail!
* * * LOW HITPOINT WARNING * * *
You barely miss the orc warrior.
The orc warrior is severely wounded.
The orc warrior hits you with a flail!
You die...

......#
#..#
#######
#..#
#..#
#..##
#...##
##...##
##...#
##
##..#
...
##@# ##
#o#


#oo #S.# #..# ...# .... .... ... You could see an orc warrior, 2 orcs and a ball
python.

Vanquished Creatures
  The ghost of Somebody the Skirmisher, an average NaWr (D:3)
  3 orc priests (D:3)
  A centaur skeleton (D:4)
  Natasha (thrice) (D:4)
  2 orc wizards (D:4)
  An iguana (D:3)
  2 worker ants (D:4)
  Jessica (D:3)
  Robin (D:2)
  4 adders
  3 worms
  4 giant geckos
  14 orcs
  A bat skeleton (D:4)
  4 giant cockroaches
  12 hobgoblins
  4 jackals (D:4)
  2 ball pythons
  9 bats
  4 giant newts
  15 goblins
  8 kobolds
  A quokka (D:3)
  11 rats
111 creatures vanquished.

Notes
Turn   | Place    | Note
--------------------------------------------------------------
     0 | D:1      | Monkaria, the Demonspawn Fighter, began the quest for the Orb.
     0 | D:1      | Reached XP level 1. HP: 18/18 MP: 1/1
   248 | D:1      | Gained mutation: Your flesh is cold resistant. [demonic ancestry]
   248 | D:1      | Reached XP level 2. HP: 20/24 MP: 2/2
   262 | D:1      | Found a sparkling altar of Nemelex Xobeh.
   573 | D:2      | Noticed Robin
   585 | D:1      | Reached XP level 3. HP: 18/29 MP: 3/3
  1147 | D:2      | Killed Robin
  1227 | D:2      | Gained mutation: You can steal the life force of nearby defeated enemies. [demonic ancestry]
  1227 | D:2      | Reached XP level 4. HP: 14/35 MP: 4/4
  1822 | D:3      | Reached skill level 4 in Axes
  1829 | D:3      | Gained mutation: You have large cloven feet. [demonic ancestry]
  1829 | D:3      | Reached XP level 5. HP: 36/41 MP: 5/5
  1951 | D:3      | Noticed Somebody's ghost (average NaWr)
  1965 | D:3      | Killed Somebody's ghost
  1965 | D:3      | Reached skill level 5 in Axes
  1965 | D:3      | Gained mutation: You can steal the life force of defeated enemies. [demonic ancestry]
  1965 | D:3      | Reached XP level 6. HP: 36/47 MP: 6/6
  2007 | D:3      | Found an ancient bone altar of Kikubaaqudgha.
  2315 | D:3      | Noticed Jessica
  2340 | D:3      | Killed Jessica
  2562 | D:4      | Reached skill level 6 in Axes
  2629 | D:4      | Noticed Natasha
  2637 | D:4      | Killed Natasha
  2667 | D:4      | Noticed Natasha
  2676 | D:4      | Killed Natasha
  2818 | D:4      | Gained mutation: You have a pair of small antennae on your head. [demonic ancestry]
  2818 | D:4      | Reached XP level 7. HP: 52/52 MP: 7/7
  2823 | D:4      | Noticed Natasha
  2827 | D:4      | Killed Natasha
  2899 | D:4      | Slain by an orc warrior

Action                   |  1- 3 |  4- 6 |  7- 9 || total
-------------------------+-------+-------+-------++-------
Melee: War axe           |   153 |   210 |    15 ||   378
Evoke: Wand              |       |     2 |       ||     2
 Stab: Confused          |       |     1 |       ||     1
  Eat: Chunk             |     1 |     6 |       ||     7
